 Dungeon Crawl Stone Soup version 0.25-a0-443-gece2dee8bd (webtiles) character file.

Game seed: 13966751838051666080, levelgen mode: deterministic

321 ReteAZ the Digger (level 6, -8/36 HPs)
             Began as an Octopode Earth Elementalist on Jan 30, 2020.
             Mangled by a gnoll
             ... wielding a +0 spear
              (9 damage)
             ... on level 4 of the Dungeon.
             The game lasted 00:06:08 (4142 turns).

ReteAZ the Digger (Octopode Earth Elementalist)     Turns: 4142, Time: 00:06:09

Health: -8/36      AC:  1    Str:  7    XL:     6   Next: 46%
Magic:  3/11       EV: 13    Int: 19    God:
Gold:   163        SH:  0    Dex: 13    Spells: 8/12 levels left

rFire    . . .     SeeInvis .   p - +0 short sword (holy)
rCold    + . .     Gourm    .   (no shield)
rNeg     . . .     Faith    .   (helmet restricted)
rPois    .         Spirit   .   (no amulet)
rElec    .         Reflect  .   t - ring of ice
rCorr    .         Harm     .   g - ring of protection from fire
MR       .....                  (no ring)
Stlth    +++.......             (no ring)
HPRegen  0.12/turn              (no ring)
MPRegen  0.12/turn              (no ring)
                                (no ring)
                                (no ring)

@: very slightly contaminated
A: almost no armour, stealthy swim, amphibious, 8 rings, constrict 8, camouflage
1, gelatinous body 1
a: no special abilities


You were on level 4 of the Dungeon.
You were not hungry.

You visited 1 branch of the dungeon, and saw 5 of its levels.

You collected 163 gold pieces.

Inventory:

Hand Weapons
 d - a +0 short sword
 p - a +0 short sword of holy wrath (weapon)
Missiles
 b - 11 stones
 s - 9 poisoned darts (quivered)
Jewellery
 g - a ring of protection from fire (right tentacle)
 t - a ring of ice (left tentacle)
Wands
 v - a wand of paralysis (8)
Scrolls
 a - 2 scrolls of identify {unknown}
 f - 2 scrolls of amnesia {unknown}
 i - 2 scrolls of teleportation {unknown}
 j - a scroll of magic mapping {unknown}
 q - 2 scrolls of fog {unknown}
 r - a scroll of remove curse {unknown}
 u - a scroll of blinking {unknown}
Potions
 e - a potion of might {unknown}
 h - a potion of lignification {unknown}
 k - a potion of haste {unknown}
 l - a potion of flight {unknown}
 m - a potion of magic {unknown}
 n - 3 potions of curing {unknown}
Comestibles
 c - 8 rations
 o - 2 chunks of flesh


   Skills:
 + Level 2.0 Dodging
 - Level 2.6 Stealth
 + Level 3.7 Spellcasting
 + Level 0.2 Conjurations
   Level 1.0 Transmutations
 * Level 6.0 Earth Magic


You had 8 spell levels left.
You knew the following spells:

 Your Spells              Type           Power        Failure   Level  Hunger
a - Sandblast             Erth           ####..       1%          1    None
b - Stone Arrow           Conj/Erth      ###...       12%         3    ###....

Your spell library contained the following spells:

 Spells                   Type           Power        Failure   Level  Hunger
 Passwall                 Tmut/Erth      ###.....     4%          2    ##.....
 Petrify                  Tmut/Erth      ###.....     32%         4    ####...
 Lee's Rapid Deconstruct  Erth           ####......   32%         5    ######.


Dungeon Overview and Level Annotations

Branches:
Dungeon (5/15)
 Temple: D:4-7

Altars:

Annotations:
D:3 2 runed translucent doors, 2 transporters, navillus's ghost, amateur GrFi
D:4 1 transporter, masterofnone's ghost, amateur DsGl
D:5 Sigmund


Innate Abilities, Weirdness & Mutations

You cannot wear most types of armour.
You are very stealthy in the water. (Stealth+)
You are amphibious.
You can wear up to eight rings at the same time.
You can use your tentacles to constrict eight enemies at once.
Your skin changes colour to match your surroundings (Stealth+).
Your rubbery body absorbs attacks. (AC +1, EV +1)


Message History

The orc shouts!
A jackal comes into view.
The jackal barks!
You hear a shout! x4
Masterofnone's ghost turns its malevolent gaze towards you.
The jackal bites you.
* * * LOW HITPOINT WARNING * * *
The jackal barely misses you.
A gnoll comes into view. It is wielding a +0 spear.
The jackal completely misses you.
An orc priest comes into view. It is wielding a +0 short sword.
The gnoll shouts!
You hear a shout!
The jackal misses you.
The orc priest casts a cantrip, but nothing happens.
The jackal bites you.
* * * LOW HITPOINT WARNING * * *
You hear a shout!
An orc comes into view. It is wielding a +0 flail.
The shadow imp shouts, "Remove thy stench, thou bootless fool-born ratsbane!"
The gnoll hits you from afar with a +0 spear!
You die...

.....#.. #.## #.# # ..
....5#©..#..###.### .
....#.. ......... #.
#..#.####..#.....
.###.###W.#.....#.#.....
Z.........#.....#.#.....
........Z.#.o...#.......
###########.............
.......@..o.o...##...###
.........h#########..#
........g.# #..#
..........# .....
........... ......
...........o ......
...........go .....
..............


You could see an orc warrior, an orc priest, masterofnone's ghost, 2 gnolls, a
shadow imp, 3 orcs, a quokka zombie, a jackal and a hound skeleton (dormant).

Vanquished Creatures
  An ogre (D:4)
  A hound (D:5)
  An orc priest (D:4)
  Natasha (D:2)
  An iguana (D:5)
  6 adders
  An adder skeleton (D:4)
  2 dart slugs (D:2)
  4 leopard geckos
  2 orcs
  2 ball pythons
  9 bats
  A giant cockroach (D:2)
  4 goblins
  10 hobgoblins
  6 jackals
  2 kobolds
  A quokka (D:3)
  5 frilled lizards
  A quokka skeleton (D:4)
  8 rats
69 creatures vanquished.

Notes
Turn   | Place    | Note
-------+----------+-------------------------------------------
     0 | D:1      | ReteAZ the Octopode Earth Elementalist began the quest for
                  | the Orb.
     0 | D:1      | Reached XP level 1. HP: 11/11 MP: 3/3
   519 | D:2      | Reached XP level 2. HP: 17/17 MP: 5/5
   637 | D:2      | Reached XP level 3. HP: 21/21 MP: 4/6
  1084 | D:1      | Reached skill level 4 in Earth Magic
  1480 | D:2      | Reached XP level 4. HP: 7/27 MP: 8/8
  1728 | D:2      | Noticed Natasha
  1738 | D:2      | Killed Natasha
  2565 | D:2      | Reached XP level 5. HP: 29/31 MP: 9/9
  2817 | D:3      | Found a large runed translucent door.
  2817 | D:3      | Found a large runed translucent door.
  2820 | D:3      | Noticed navillus's ghost (amateur GrFi)
  2863 | D:3      | Reached skill level 5 in Earth Magic
  3206 | D:3      | Found a transporter.
  3206 | D:3      | Found a transporter.
  3296 | D:3      | Noticed an ogre
  3604 | D:4      | Noticed an ogre
  3610 | D:4      | Killed an ogre
  3610 | D:4      | Reached XP level 6. HP: 36/36 MP: 3/11
  3693 | D:4      | Noticed an orc warrior
  3735 | D:5      | Entered Level 5 of the Dungeon
  3865 | D:5      | Learned a level 3 spell: Stone Arrow
  3967 | D:5      | Reached skill level 6 in Earth Magic
  4045 | D:5      | Noticed Sigmund
  4115 | D:4      | HP: 1/36 [orc warrior/+0 halberd (25)]
  4133 | D:4      | Noticed masterofnone's ghost (amateur DsGl)
  4136 | D:4      | Found a transporter.
  4139 | D:4      | HP: 1/36 [jackal (3)]
  4142 | D:4      | Mangled by a gnoll

Levels and vault maps discovered:
D:1:      minmay_arrival_widening_spiral_wide, layout_basic, chequers_jeans
D:2:      layout_basic, corexii_corridor_pit, minmay_pentomino_p2, uniq_natasha
D:3:      layout_loops_cross, gammafunk_temple_overflow_arena,
          ebering_ghost_disaster_area, uniq_grinder
D:4:      layout_basic, gammafunk_ghost_mausoleum, first_ration, minivault_26
D:5:      layout_cave_pods, nemelex_xobeh_ov_fountains_minmay,
          lemuel_round_altar, minmay_temple_entry_antechambers,
          lightli_corner_chamber, uniq_sigmund

Skill      XL: |  1  2  3  4  5  6 |
---------------+-------------------+-----
Earth Magic    | 4 5 6 |  6.0
Spellcasting   | 3 |  3.7
Dodging        | |  2.0
Stealth        | |  2.6
Conjurations   | |  0.2
Transmutations | |  1.0

Action                   |  1- 3 |  4- 6 || total
-------------------------+-------+-------++-------
Melee: Unarmed           |    67 |    23 ||    90
       Constrict         |    23 |    19 ||    42
       Tentacles         |     6 |    15 ||    21
       Short sword       |       |    62 ||    62
 Cast: Sandblast         |    12 |    28 ||    40
       Stone Arrow       |       |     1 ||     1
 Stab: Sleeping          |     9 |     7 ||    16
  Eat: Chunk             |     2 |     8 ||    10
Armor: Skin              |     8 |     7 ||    15
Dodge: Dodged            |    50 |    82 ||   132

Table legend:
 A = Non-vault XP
 B = Vault XP
 C = Vault XP percentage of total XP
 D = Non-vault monster count
 E = Vault monster count
 F = Vault count percentage of total count
                 A         B        C        D         E       F
            +---------+---------+-------+---------+---------+-------
      Total |     423 |      36 |   7.8 |      67 |       2 |   2.9
            +---------+---------+-------+---------+---------+-------
        D:1 |      24 |       0 |   0.0 |      14 |       0 |   0.0
        D:2 |     113 |      36 |  24.2 |      29 |       2 |   6.5
        D:3 |      36 |       0 |   0.0 |      13 |       0 |   0.0
        D:4 |     169 |       0 |   0.0 |       7 |       0 |   0.0
        D:5 |      81 |       0 |   0.0 |       4 |       0 |   0.0
            +---------+---------+-------+---------+---------+-------
